Cogmind - Beta 13 X1 @@@ ROGUE MODE // 2023.12.15 @ 13:02:08 Player: f3-rnm Result: Destroyed by as-54474 with Assembled Focal Cannon Performance ------------- Evolutions (3) 1500 Regions Visited (9) 1800 Robots Destroyed (173) 865 Value Destroyed (6064) 6064 Prototype IDs (29) 580 Alien Tech Used (0) 0 Bonus (2804) 2804 TOTAL SCORE: 13613 Bonus ------- High Alert Combat Kills 625 Follower Combat Kills 179 Destroyed Z-Imprinter 1000 Triggered Deep Caves Wall 500 Exposed GOLEM Chamber 500 Cogmind --------- Core Integrity 0/700 Matter 134/300 Energy 813/1100 System Corruption 10% Temperature Cool (6) Movement Walking (150) Location -7/Deep Caves Parts ------- > --- POWER (2) -------- (None) > --- PROPULSION (4) --- Assembled Alloy Leg Assembled Alloy Leg > --- UTILITY (5) ------ Large Storage Unit Assembled Biocell Array GOLEM Unit > --- WEAPON (2) ------- Advanced EMP Blaster > --- INVENTORY (15) --- Zionite Light DM Reactor Zionite Biocell (600) Superbattery GOLEM Unit GOLEM Unit Enhanced Autogun Enhanced Autogun Heavy Missile Launcher Powered Hammer Peak State ------------ > --- POWER ------------ Enhanced Nuclear Core Meta Core > --- PROPULSION ------- Carbon-fiber Leg Carbon-fiber Leg Assembled Alloy Leg Assembled Alloy Leg > --- UTILITY ---------- Large Storage Unit Assembled Biocell Array Small Matter Pod Zionite Weapon Casing GOLEM Unit > --- WEAPON ----------- Improved Arc Projector EM Pulse Cannon > --- INVENTORY -------- Zionite Light DM Reactor Zionite Biocell Superbattery Zionite Weapon Casing GOLEM Unit GOLEM Unit Enhanced Autogun Enhanced Autogun Advanced EMP Blaster Heavy Missile Launcher Powered Hammer [Rating: 91] Favorites ----------- Power Meta Core Engine Ion Engine Power Core Meta Core Reactor Zionite Light DM Reactor Propulsion Light Treads Treads Light Treads Leg Carbon-fiber Leg Flight Unit Improved Flight Unit Utility High-capacity Storage Unit Device Improved Cooling System Storage High-capacity Storage Unit Processor Advanced Targeting Computer Protection Improved Medium Armor Plating Weapon Enhanced Autogun Energy Gun Improved Arc Projector Energy Cannon Beam Cannon Ballistic Gun Enhanced Autogun Ballistic Cannon Light Cannon Launcher Advanced EMP Blaster Impact Weapon Hammer Build | -11 -10 -10 -8 -8 -7 -7 -7 -7 -7 ------- Run | Jun Mat Sub Mat Sto Fac Low Low Zio Dee Slots Evolved 6 | . . . 4 . 2 . . . . Power 1 | . . . . . 1 . . . . Propulsion 2 | . . . 2 . . . . . . Utility 3 | . . . 2 . 1 . . . . Weapon . | . . . . . . . . . . Parts Attached 178 | 6 6 19 42 23 9 6 11 8 48 Power 10 | 1 . 2 2 1 1 . . . 3 Engine 4 | 1 . 2 1 . . . . . . Core 5 | . . . 1 1 1 . . . 2 Reactor 1 | . . . . . . . . . 1 Propulsion 44 | 2 2 3 10 13 2 1 3 . 8 Treads 39 | 2 2 3 10 12 2 1 3 . 4 Leg 4 | . . . . . . . . . 4 Wheel . | . . . . . . . . . . Hover . | . . . . . . . . . . Flight 1 | . . . . 1 . . . . . Utility 54 | 1 3 4 12 4 4 . 2 4 20 Device 17 | . . . 8 1 2 . . 1 5 Storage 8 | 1 2 1 . 1 . . . 1 2 Processor 3 | . 1 . 1 . 1 . . . . Hackware . | . . . . . . . . . . Protection 26 | . . 3 3 2 1 . 2 2 13 Artifact . | . . . . . . . . . . Weapon 70 | 2 1 10 18 5 2 5 6 4 17 Energy Gun 13 | . . . 4 . . . . 2 7 Energy Cannon 8 | . . 2 4 . . . . . 2 Ballistic Gun 28 | 2 . 3 5 4 2 3 4 1 4 Ballistic Cannon 3 | . 1 2 . . . . . . . Launcher 13 | . . . 5 . . 2 2 . 4 Special Weapon . | . . . . . . . . . . Impact Weapon 5 | . . 3 . 1 . . . 1 . Slashing Weapon . | . . . . . . . . . . Piercing Weapon . | . . . . . . . . . . Special Melee Weapon . | . . . . . . . . . . Unidentified Prototypes 17 | . . . 5 1 1 . . . 10 Corrupted Parts 2 | . . . 1 . . . . . 1 System Corruption 18 | . . . 8 . . . . . 10 Parts Lost 45 | . 2 6 6 1 1 2 2 . 25 Power 6 | . . 2 1 . . . . . 3 Propulsion 16 | . 1 2 2 . 1 1 1 . 8 Utility 15 | . . . 2 1 . . 1 . 11 Weapon 8 | . 1 2 1 . . 1 . . 3 Highest Loss Streak 9 | . 1 4 3 1 1 1 2 . 9 To Critical Strikes . | . . . . . . . . . . Average Slot Usage (%) 93 | . 96 89 86 96 98 100 99 99 88 Engine 4 | . 14 14 6 . . . . . . Core 7 | . . . 2 7 11 13 14 14 13 Treads 27 | . 28 28 29 34 31 28 27 28 21 Device 6 | . . . 10 7 10 13 12 7 7 Storage 11 | . 14 6 9 11 12 13 14 14 14 Processor 5 | . 10 4 4 7 7 6 7 7 2 Protection 7 | . . 7 5 7 6 6 8 13 9 Energy Cannon 4 | . . 12 8 . . . . . 3 Ballistic Gun 12 | . 18 10 5 20 18 15 13 13 7 Ballistic Cannon 1 | . 9 3 . . . . . . . Naked Turns . | . . . . . . . . . . Heaviest Build 77 | 13 49 52 72 65 77 77 74 72 74 Greatest Support 102 | 40 40 40 82 102 102 100 88 80 80 Greatest Overweight (x) 15 | . 1 1 1 . . . . . 15 Average Overweight (x) . | . . . . . . . . . . Largest Inventory Capacity 20 | 8 20 20 20 20 20 20 20 20 20 Average Capacity 17 | 7 15 12 20 20 20 20 20 20 16 Most Carried 20 | 4 18 19 20 20 20 20 20 20 20 Average Carried 15 | 2 11 10 17 19 19 19 19 19 14 Final Capacity 20 | 8 20 20 20 20 20 20 20 20 15 Final Carried 20 | 3 18 14 20 20 20 20 20 20 11 Class Distribution -------------------- 40% | Scavenger-Mutant 36% | Mutant 8% | Scavenger-Gunner 6% | Scavenger-Tank 5% | Subdweller-Mutant Dominant Class ---------------- Mutant | -10/Materials Mutant | -10/Subcaves Mutant | -8/Materials Scavenger-Gunner | -8/Storage Scavenger-Tank | -7/Factory Scavenger-Mutant | -7/Lower Caves Scavenger-Mutant | -7/Lower Caves Scavenger-Mutant | -7/Zion Scavenger-Mutant | -7/Deep Caves Resources | -11 -10 -10 -8 -8 -7 -7 -7 -7 -7 ----------- Run | Jun Mat Sub Mat Sto Fac Low Low Zio Dee Matter Collected 5790 | 208 376 382 667 1575 786 292 546 63 895 Remotely 420 | . . . 371 49 . . . . . Salvage Created 9570 | . 502 404 1130 2302 1298 358 564 . 3012 Parts 411 | . 37 29 59 137 66 19 22 . 42 Haulers Intercepted 13 | . 2 . 2 6 3 . . . . Recyclers Shooed 1 | . 1 . . . . . . . . Parts Field Recycled . | . . . . . . . . . . Retrieved Matter . | . . . . . . . . . . Parts Self-Destructed 39 | . . 4 . . . 19 16 . . Prevented 2 | . . . . . . 2 . . . Kills | -11 -10 -10 -8 -8 -7 -7 -7 -7 -7 ------- Run | Jun Mat Sub Mat Sto Fac Low Low Zio Dee Combat Hostiles Destroyed 192 | . 9 10 26 39 14 12 13 . 69 Guns 78 | . 4 2 2 38 14 4 9 . 5 Cannons 25 | . 5 7 11 1 . . . . 1 AOE 67 | . . . 12 . . 8 4 . 43 Classes Destroyed 25 | . 7 1 3 3 4 1 2 . 4 Worker 11 | . 2 . 3 5 1 . . . . Builder 4 | . 1 . 3 . . . . . . Tunneler 1 | . . . . . 1 . . . . Hauler 13 | . 2 . 2 6 3 . . . . Recycler 9 | . 1 . 1 3 4 . . . . Mechanic 1 | . . . . 1 . . . . . Operator 1 | . . . . . 1 . . . . Watcher 2 | . 1 . . . 1 . . . . Swarmer 22 | . 2 . 4 10 . 5 1 . . Grunt 59 | . 7 2 16 15 8 3 8 . . Brawler 2 | . . . . . . . 2 . . Duelist 3 | . . . . 1 1 . 1 . . Protector 3 | . . . . 3 . . . . . Sentry 16 | . . . 3 10 1 1 1 . . Specialist 3 | . . . 2 . . 1 . . . Hunter 1 | . . . . . 1 . . . . Programmer 4 | . . . . . 3 1 . . . Heavy 1 | . . . 1 . . . . . . Subdweller 8 | . . 8 . . . . . . . Z-Light 4 | . . . . . . . . . 4 Decomposer 1 | . . . . . . . 1 . . Samaritan 1 | . . . . . . . 1 . . Assembler 2 | . . . . . . . . . 2 Assembled 44 | . . . . . . . . . 44 Golem 21 | . . . . . . . . . 21 Mutant 1 | . . . . . . 1 . . . Best Kill Streak 44 | . 3 2 9 10 7 9 5 . 44 Combat Bots Only 42 | . 3 2 8 9 3 9 5 . 42 Max Kills in Single Turn 9 | . 1 1 3 2 2 4 2 . 9 Gunslinging 1 | . . . . 1 . . 1 . . Exploded 9 | . . . 3 . . 4 2 . 9 Melee . | . . . . . . . . . . Uniques/NPCs Destroyed 1 | . . . . . . . . . 1 Z-Imprinter (-7/Deep Caves) Combat | -11 -10 -10 -8 -8 -7 -7 -7 -7 -7 -------- Run | Jun Mat Sub Mat Sto Fac Low Low Zio Dee Damage Taken 10439 | . 522 1507 1832 988 491 336 540 . 4223 Core 1159 | . 55 149 184 66 36 9 81 . 579 Absorbed by Shields 491 | . . . . . 160 135 98 . 98 Redirected to Shielding 758 | . . . . . . . 27 . 731 Regen/Repaired (Parts) 106 | . . . 106 . . . . . . Core Remaining (%) 57 | 100 . 18 . 54 . . . . . Volleys Fired 547 | . 62 81 82 103 62 18 38 1 100 Largest 3 | . 2 2 2 3 3 3 2 1 2 Hottest 131 | . 55 120 131 93 75 75 64 25 128 Shots Fired 1191 | . 124 157 146 295 185 40 72 2 170 Gun 877 | . 95 57 64 289 185 36 66 2 83 Cannon 238 | . 29 100 65 6 . . . . 38 Launcher 76 | . . . 17 . . 4 6 . 49 Special . | . . . . . . . . . . Kinetic 865 | . 124 80 38 289 185 36 66 2 45 Thermal 174 | . . 77 91 6 . . . . . Explosive 38 | . . . 17 . . 4 6 . 11 Electromagnetic 114 | . . . . . . . . . 114 Robot Hit Streak 31 | . 10 31 17 29 16 23 25 . 13 Robot Miss Streak 11 | . 4 1 5 3 6 1 4 . 11 Penetration Max . | . . . . . . . . . . Secondary Targets 14 | . 1 . . 9 2 . 2 . . Max Gunslinging Chain 1 | . 1 . . 1 1 . 1 . . Shots Hit Robots 785 | . 77 112 100 189 121 28 53 . 105 Core Hits 493 | . 27 24 61 85 47 22 30 . 197 Critical Kills 5 | . . 2 2 1 . . . . . Critical Parts Destroyed 3 | . . . . . 3 . . . . Critical Strikes 13 | . 4 2 2 2 3 . . . . Meltdown 2 | . . 1 1 . . . . . . Destroy 7 | . . 1 1 2 3 . . . . Blast 4 | . 4 . . . . . . . . Melee Attacks 24 | . . 18 . . . . . 6 . Impact 24 | . . 18 . . . . . 6 . Slashing . | . . . . . . . . . . Piercing . | . . . . . . . . . . Sneak Attacks . | . . . . . . . . . . Combat Hostiles . | . . . . . . . . . . Follow-up Attacks . | . . . . . . . . . . Damage Inflicted 22762 | . 926 1971 3083 3498 2134 1303 1867 . 7980 Guns 9790 | . 598 806 785 3380 2134 468 865 . 754 Cannons 3233 | . 322 1165 1065 104 . . . . 577 Explosions 9717 | . . . 1231 . . 835 1002 . 6649 Melee . | . . . . . . . . . . Ramming 22 | . 6 . 2 14 . . . . . Kinetic 9777 | . 920 973 504 3380 2134 468 865 . 533 Thermal 2756 | . . 998 1346 104 . . . . 308 Explosive 5470 | . . . 1231 . . 835 1002 . 2402 Electromagnetic 4737 | . . . . . . . . . 4737 Impact . | . . . . . . . . . . Slashing . | . . . . . . . . . . Piercing . | . . . . . . . . . . Highest Corruption 10 | . . . 10 10 3 5 5 5 10 Average Corruption 6 | . . . 9 10 2 4 5 5 10 Corruption Purged . | . . . . . . . . . . Corruption Blocked . | . . . . . . . . . . Effects 196 | . . . 23 56 14 21 38 4 40 Message Errors 47 | . . . 4 9 3 12 11 1 7 Matter Fused 50 | . . . 4 11 4 4 13 1 13 Heat Flow Errors 23 | . . . 5 6 3 . 1 1 7 Energy Discharges 19 | . . . 3 7 1 2 5 . 1 Parts Rejected 4 | . . . 1 . . . 1 . 2 Data Loss (minor) 16 | . . . 1 4 . 1 7 . 3 Data Loss (major) 8 | . . . 2 5 . 1 . . . Misfires 7 | . . . . 2 1 1 . 1 2 Alerts 3 | . . . 1 1 . . . . 1 Misdirections 2 | . . . 1 1 . . . . . Weapon Failures 17 | . . . 1 10 2 . . . 4 Overload Shots . | . . . . . . . . . . Overflow Damage 307 | . . . 37 . . 22 25 . 223 Projectiles 12 | . . . 12 . . . . . . Explosions 295 | . . . 25 . . 22 25 . 223 Melee . | . . . . . . . . . . Knockbacks 6 | . 5 1 . . . . . . . Impact . | . . . . . . . . . . Kinetic 6 | . 5 1 . . . . . . . Secondary . | . . . . . . . . . . Self-Inflicted Damage 268 | . . . 36 19 . . . . 213 Shots 14 | . . . 4 1 . . . . 9 Rammed 4 | . 1 . 1 2 . . . . . Targets Rammed 5 | . 2 . 1 2 . . . . . Kicked . | . . . . . . . . . . Crushed 1 | . 1 . . . . . . . . Highest Temperature 534 | . 58 12 232 182 279 1 179 130 534 Average Temperature 85 | . 19 7 57 72 154 1 92 85 121 Received Heat Transfer 2356 | . 249 123 522 495 104 123 109 . 631 Effects 11 | . . . . . . . . . 11 Shutdowns 3 | . . . . . . . . . 3 Energy Bleed 1 | . . . . . . . . . 1 Interference 3 | . . . . . . . . . 3 Matter Decay 1 | . . . . . . . . . 1 Short Circuit 2 | . . . . . . . . . 2 Damage (minor) 1 | . . . . . . . . . 1 Siege Activations . | . . . . . . . . . . Robots Corrupted 20 | . . . . . . . . . 20 Combat Hostiles 20 | . . . . . . . . . 20 Parts Fried . | . . . . . . . . . . Impact Corruptions . | . . . . . . . . . . Robots Melted 2 | . . 1 1 . . . . . . Combat Hostiles 2 | . . 1 1 . . . . . . Parts Melted 4 | . . 3 1 . . . . . . Heat Transferred 5010 | . . 2109 2516 185 . . . . 200 Parts Sabotaged . | . . . . . . . . . . Parts Stolen . | . . . . . . . . . . Parts Stripped . | . . . . . . . . . . Power Chain Reactions 5 | . . . . . . . . . 5 Missiles Intercepted . | . . . . . . . . . . Alert | -11 -10 -10 -8 -8 -7 -7 -7 -7 -7 ------- Run | Jun Mat Sub Mat Sto Fac Low Low Zio Dee Peak Influence 1126 | . 116 . 473 1126 613 . . . . Initial 461 | . . . . 199 461 . . . . Average 300 | . 57 . 170 612 449 . . . . Maximum Alert Level 4 | . . . 2 4 2 . . . . Low Security (%) 43 | 100 100 . 56 1 . . . . . Level 1 24 | . . . 37 32 32 . . . . Level 2 22 | . . . 5 28 67 . . . . Level 3 6 | . . . . 28 . . . . . Level 4 2 | . . . . 9 . . . . . Level 5 . | . . . . . . . . . . High Security . | . . . . . . . . . . Max Security . | . . . . . . . . . . Squads Dispatched 21 | . 1 . 8 7 5 . . . . Investigation 2 | . 1 . . . 1 . . . . Extermination 2 | . . . . . 2 . . . . Reinforcement 8 | . . . 5 1 2 . . . . Assault 3 | . . . . 3 . . . . . Garrison 6 | . . . 3 3 . . . . . Intercept . | . . . . . . . . . . Searches Triggered . | . . . . . . . . . . Construction Impeded 3 | . . . 2 . 1 . . . . Haulers Reinforced . | . . . . . . . . . . Active Scanning Responses . | . . . . . . . . . . Cargo Convoy Interrupts . | . . . . . . . . . . Stealth | -11 -10 -10 -8 -8 -7 -7 -7 -7 -7 --------- Run | Jun Mat Sub Mat Sto Fac Low Low Zio Dee Distress Signals 7 | . 1 . 2 4 . . . . . Communications Jammed . | . . . . . . . . . . Distress Signals . | . . . . . . . . . . Times Spotted 283 | . 24 12 35 54 19 12 13 . 114 Peak Tracking Total 37 | . 5 2 6 7 5 6 5 . 37 Tactical Retreats 24 | . . . 2 2 1 . . . 19 Traps | -11 -10 -10 -8 -8 -7 -7 -7 -7 -7 ------- Run | Jun Mat Sub Mat Sto Fac Low Low Zio Dee Traps Triggered 7 | . 1 1 1 2 2 . . . . Indirectly . | . . . . . . . . . . Trap Hack Attempts . | . . . . . . . . . . Triggered . | . . . . . . . . . . Disarmed . | . . . . . . . . . . Reprogrammed . | . . . . . . . . . . Reused . | . . . . . . . . . . Traps Extracted . | . . . . . . . . . . Installed . | . . . . . . . . . . Triggered 3 | . . . . . . 3 . . . Machines | -11 -10 -10 -8 -8 -7 -7 -7 -7 -7 ---------- Run | Jun Mat Sub Mat Sto Fac Low Low Zio Dee Machines Disabled 15 | . 1 1 2 5 1 2 . . 3 Max in Single Turn 2 | . 1 1 1 2 1 1 . . 1 Machines Repaired . | . . . . . . . . . . Machines Sabotaged . | . . . . . . . . . . Overloaded Fab Kills . | . . . . . . . . . . Hacking | -11 -10 -10 -8 -8 -7 -7 -7 -7 -7 --------- Run | Jun Mat Sub Mat Sto Fac Low Low Zio Dee Machines Accessed 17 | . 2 1 2 5 6 . 1 . . Terminals 11 | . 2 . . 5 4 . . . . Fabricators . | . . . . . . . . . . Repair Stations 1 | . . . 1 . . . . . . Recycling Units . | . . . . . . . . . . Scanalyzers 3 | . . . 1 . 2 . . . . Garrison Access . | . . . . . . . . . . Total Hacks 36 | . 7 1 9 7 11 . 1 . . Successful 14 | . 1 1 5 3 3 . 1 . . Failed 22 | . 6 . 4 4 8 . . . . Catastrophic 4 | . 1 . . 1 2 . . . . Database Lockouts . | . . . . . . . . . . Manual 20 | . 7 . . 5 8 . . . . Terminals 22 | . 7 . . 7 8 . . . . Fabricators . | . . . . . . . . . . Repair Stations 6 | . . . 6 . . . . . . Recycling Units . | . . . . . . . . . . Scanalyzers 6 | . . . 3 . 3 . . . . Garrison Access . | . . . . . . . . . . Terminal Hacks 8 | . 1 1 . 3 2 . 1 . . Robot Analysis 3 | . 1 . . 1 1 . . . . Open Door 3 | . . . . 2 . . 1 . . Branch Access Points 1 | . . . . . 1 . . . . Derelict Proto ID Bank 1 | . . 1 . . . . . . . Fabricator Hacks . | . . . . . . . . . . Repair Station Hacks 2 | . . . 2 . . . . . . Scan Component 1 | . . . 1 . . . . . . Repair 1 | . . . 1 . . . . . . Recycling Unit Hacks . | . . . . . . . . . . Scanalyzer 4 | . . . 3 . 1 . . . . Insert Component 2 | . . . 1 . 1 . . . . Analyze 2 | . . . 2 . . . . . . Garrison Access Hacks . | . . . . . . . . . . Unauthorized Hacks . | . . . . . . . . . . Terminals . | . . . . . . . . . . Fabricators . | . . . . . . . . . . Repair Stations . | . . . . . . . . . . Recycling Units . | . . . . . . . . . . Scanalyzers . | . . . . . . . . . . Garrison Access . | . . . . . . . . . . Data Cores Recovered . | . . . . . . . . . . Used . | . . . . . . . . . . Hacking Detections 9 | . 2 . 2 2 3 . . . . Full Trace Events 2 | . 1 . . . 1 . . . . Feedback Events . | . . . . . . . . . . Feedback Blocked . | . . . . . . . . . . Robot Schematics Acquired 3 | . . . . . . . . 3 . Robots Built . | . . . . . . . . . . Authchips . | . . . . . . . . . . Time . | . . . . . . . . . . Total Robot Build Rating . | . . . . . . . . . . Part Schematics Acquired 16 | . . . 1 . . . . 15 . Parts Built . | . . . . . . . . . . Authchips . | . . . . . . . . . . Time . | . . . . . . . . . . Total Part Build Rating . | . . . . . . . . . . Parts Repaired 1 | . . . 1 . . . . . . Time 26 | . . . 26 . . . . . . Parts Recycled . | . . . . . . . . . . Recycled Matter . | . . . . . . . . . . Retrieved Matter . | . . . . . . . . . . Retrieved Components . | . . . . . . . . . . Parts Scanalyzed 2 | . . . 1 . 1 . . . . Part Schematics Acquired 1 | . . . 1 . . . . . . Parts Damaged 1 | . . . . . 1 . . . . Bothacking | -11 -10 -10 -8 -8 -7 -7 -7 -7 -7 ------------ Run | Jun Mat Sub Mat Sto Fac Low Low Zio Dee Used RIF Installer . | . . . . . . . . . . Robots Hacked . | . . . . . . . . . . Non-combat . | . . . . . . . . . . Combat . | . . . . . . . . . . Robot Hacks Applied . | . . . . . . . . . . Relay Couplers Released . | . . . . . . . . . . Fabnet Peak Effective % . | . . . . . . . . . . Robots Rewired . | . . . . . . . . . . Allies Hacked . | . . . . . . . . . . Hacks Repelled . | . . . . . . . . . . Allies | -11 -10 -10 -8 -8 -7 -7 -7 -7 -7 -------- Run | Jun Mat Sub Mat Sto Fac Low Low Zio Dee Total Allies 3 | . . . . 2 . . . . 1 Largest Group 2 | . . . . 2 . . . . 1 Highest-Rated Group 119 | . . . . 62 . . . . 119 Highest-Rated Ally 119 | . . . . 31 . . . . 119 Total Orders . | . . . . . . . . . . Ally Attacks 55 | . . . . 17 . . . . 38 Total Damage 2046 | . . . . 216 . . . . 1830 Kills 13 | . . . . 2 . . . . 11 Allies Corrupted . | . . . . . . . . . . Allies Melted . | . . . . . . . . . . Intel | -11 -10 -10 -8 -8 -7 -7 -7 -7 -7 ------- Run | Jun Mat Sub Mat Sto Fac Low Low Zio Dee Robot Analysis Total 3 | . 1 . . 1 1 . . . . Derelict Logs Recovered 5 | . . 2 . . . 1 1 1 . Drone Launches . | . . . . . . . . . . Drone Recoveries . | . . . . . . . . . . Exploration | -11 -10 -10 -8 -8 -7 -7 -7 -7 -7 ------------- Run | Jun Mat Sub Mat Sto Fac Low Low Zio Dee Turns Passed 14587 | 123 1306 3172 1348 1211 1032 827 1572 1737 2259 Spaces Moved 7300 | 81 637 1431 475 572 556 482 908 1065 1093 Core 21 | 19 . . . . . . . . 2 Treads 7062 | 62 637 1431 475 572 556 482 908 1065 874 Legs 217 | . . . . . . . . . 217 Wheels . | . . . . . . . . . . Hover . | . . . . . . . . . . Flight . | . . . . . . . . . . Fastest Speed 50 | 50 160 160 156 156 157 160 160 160 127 Average Speed 169 | 134 172 189 193 156 157 160 160 160 164 Slowest Speed 800 | 160 240 250 250 160 160 160 160 160 800 Overloaded Moves . | . . . . . . . . . . Propulsion Burnouts . | . . . . . . . . . . Robots Hopped . | . . . . . . . . . . Cave-ins Triggered . | . . . . . . . . . . Exploration Rate (%) 57 | 6 95 49 43 83 14 60 72 85 71 Regions Visited 9 Branch Regions 6 Pre-discovered Areas 3 | . . . . 1 . . 1 1 . Known Exits Taken 2 | . . . 1 . 1 . . . . Unknown Exits Taken 7 | 1 1 1 . 1 . 1 1 1 . Scrap Searched 9 | . . 2 . . . 2 3 2 . Spaces Dug 3 | . . 1 . . . . . 2 . Terrain Destroyed 179 | . . 1 89 15 . 22 32 2 18 Melee 3 | . . 1 . . . . . 2 . Projectile 2 | . . . 1 . . . 1 . . AOE 174 | . . . 88 15 . 22 31 . 18 Terrain Rammed . | . . . . . . . . . . Walls Destroyed . | . . . . . . . . . . Machines Disabled . | . . . . . . . . . . Actions | -11 -10 -10 -8 -8 -7 -7 -7 -7 -7 --------- Run | Jun Mat Sub Mat Sto Fac Low Low Zio Dee Total 8717 | 95 735 1703 762 782 652 514 980 1087 1407 Wait 402 | . 6 100 113 49 8 7 16 . 103 Move 7291 | 80 636 1430 474 571 555 481 907 1064 1093 Hop . | . . . . . . . . . . Pick Up 143 | 9 20 27 28 12 8 1 4 1 33 Fast Attach 26 | . . . 5 8 4 . 1 6 2 Attach 78 | 6 5 11 15 2 1 . 3 1 34 Detach 4 | . 1 . 3 . . . . . . Swap 74 | . 1 8 22 13 4 6 7 1 12 Drop 112 | . 2 17 19 22 10 1 4 7 30 Fire 547 | . 62 81 82 103 62 18 38 1 100 Melee 24 | . . 18 . . . . . 6 . Ram . | . . . . . . . . . . Kick . | . . . . . . . . . . Crush 5 | . 2 . 1 2 . . . . . Escape Stasis . | . . . . . . . . . . Rewire 1 | . . 1 . . . . . . . Trap . | . . . . . . . . . . Miscellaneous 10 | . . 10 . . . . . . . Route ------- -11/Junkyard -10/Materials (discovered 5 exits: [*Mat x3] / [*Min] / *Sub) -10/Subcaves -8/Materials (discovered 2 exits: *Fac / *Sto) -8/Storage -7/Factory (discovered 3 exits: [*Fac] / *Low x2) -7/Lower Caves -7/Lower Caves -7/Zion (discovered 2 exits: [*Dee] / [*Pro]) -7/Deep Caves History --------- Turn | Location | Event 8 | -11/Junkyard | Discovered new exit (range 15) 124 | -11/Junkyard | Entered Materials 237 | -10/Materials | Discovered new exit (range 12) 303 | -10/Materials | Build established: Mutant 401 | -10/Materials | Discovered new exit (range 16) 734 | -10/Materials | Discovered new exit (range 16) 1097 | -10/Materials | Discovered new exit (range 11) 1392 | -10/Materials | Discovered new exit (range 11) 1430 | -10/Materials | Entered Subcaves 1554 | -10/Subcaves | Visited 4L-MR0's lab 1679 | -10/Subcaves | A swath of the cavern ceiling suddenly collapsed 1935 | -10/Subcaves | Shifting Twisted Machinery released Enh. Flamer 1942 | -10/Subcaves | Shifting Twisted Machinery released Mak. Power Source 2413 | -10/Subcaves | Core integrity fell below 50% 2431 | -10/Subcaves | Lost 4 parts (1p1n2w) 2800 | -10/Subcaves | Discovered new exit (range 3) 3228 | -10/Subcaves | Core integrity fell below 20% 3547 | -10/Subcaves | Build established: Subdweller-Mutant 4358 | -10/Subcaves | Build established: Mutant 4430 | -10/Subcaves | Found Meta Core 4602 | -10/Subcaves | Entered Materials 4602 | -8/Materials | Evolved 4 slots: Propulsion x2, Utility x2 4603 | -8/Materials | Identified exit to Storage 5328 | -8/Materials | System corruption reached 10% 5413 | -8/Materials | Garrison activated, responded to threat 5466 | -8/Materials | Destroyed 8 combat bots 5612 | -8/Materials | Repaired Lgt. Treads 5752 | -8/Materials | Discovered new exit (range 4) 5909 | -8/Materials | Lost 3 parts (2n1w) 5950 | -8/Materials | Entered Storage 6017 | -8/Storage | Attached Meta Core, gained temporary slots: Propulsion, Utility, Weapon 6474 | -8/Storage | Build established: Scavenger-Gunner 6554 | -8/Storage | Met a pair of Derelict thieves 6708 | -8/Storage | Garrison activated, responded to threat 6750 | -8/Storage | First assault squad dispatched 6768 | -8/Storage | Destroyed 9 combat bots 6835 | -8/Storage | Destroyed 8 combat bots 6921 | -8/Storage | Discovered new exit (range 12) 6940 | -8/Storage | Learned location of Armory (-3) 7161 | -8/Storage | Entered Factory 7161 | -7/Factory | Evolved 2 slots: Power x1, Utility x1 7466 | -7/Factory | Identified exit to Lower Caves 7740 | -7/Factory | Build established: Scavenger-Tank 7828 | -7/Factory | Discovered new exit (range 8) 8193 | -7/Factory | Entered Lower Caves 8212 | -7/Lower Caves | Acquired the password to a Derelict Tinkerer's latest research 8314 | -7/Lower Caves | Caught by Unaware searching for contraband prototypes 8314 | -7/Lower Caves | Caught by Unaware searching for contraband prototypes 8368 | -7/Lower Caves | Learned Factory non-interactive machine intel 8449 | -7/Lower Caves | Attracted the attention of an 0b10 checkpoint 8484 | -7/Lower Caves | Destroyed 9 combat bots 8630 | -7/Lower Caves | Discovered new exit (range 9) 8660 | -7/Lower Caves | Attacked by a delusional Derelict stockpiling Unaware 8746 | -7/Lower Caves | Build established: Scavenger-Mutant 8884 | -7/Lower Caves | Spotted B-75 Beast 9020 | -7/Lower Caves | Entered another Lower Caves area 9234 | -7/Lower Caves | Learned location of Extension (-6) 9607 | -7/Lower Caves | Discovered new exit (range 9) 10149 | -7/Lower Caves | Attracted the attention of an 0b10 checkpoint 10592 | -7/Lower Caves | Entered Zion 10656 | -7/Zion | Discovered new exit (range 15) 10856 | -7/Zion | System corruption cleaned by Quarantine Array 12321 | -7/Zion | Discovered new exit (range 5) 12323 | -7/Zion | Saw the warning signs outside the Deep Caves entrance 12329 | -7/Zion | Entered Deep Caves 12331 | -7/Deep Caves | Met 5H-AD0 12454 | -7/Deep Caves | Z-Facility disabled 12540 | -7/Deep Caves | Attacked by Z-Imprinter 12557 | -7/Deep Caves | Allies destroyed Z-Imprinter 12595 | -7/Deep Caves | Lost 4 parts (1p1n1u1w) 12602 | -7/Deep Caves | Found Prototype Protection 12603 | -7/Deep Caves | Identified Zio. Weapon Casing 12649 | -7/Deep Caves | Found Zio. Weapon Casing 12839 | -7/Deep Caves | Found Prototype Protection 12877 | -7/Deep Caves | Identified Zio. Heavy Carapace 13173 | -7/Deep Caves | Found Zio. Heavy Carapace 13178 | -7/Deep Caves | Found Zio. Heavy Carapace 13203 | -7/Deep Caves | Found Zio. Weapon Casing 13302 | -7/Deep Caves | Found Zio. Weapon Casing 13513 | -7/Deep Caves | System corruption reached 10% 13909 | -7/Deep Caves | Spotted as-97487 13944 | -7/Deep Caves | Destroyed as-97487 13980 | -7/Deep Caves | Triggered Deep Caves wall 13981 | -7/Deep Caves | Exposed GOLEM chamber 14000 | -7/Deep Caves | Spotted AS-67125 14012 | -7/Deep Caves | Destroyed AS-67125 14015 | -7/Deep Caves | Destroyed AS-94733 14033 | -7/Deep Caves | Spotted as-82340 14035 | -7/Deep Caves | Lost 5 parts (1n4u) 14043 | -7/Deep Caves | Destroyed 42 combat bots 14054 | -7/Deep Caves | Destroyed as-82340 14081 | -7/Deep Caves | Lost 6 parts (3n3u) 14094 | -7/Deep Caves | Destroyed 9 combat bots 14165 | -7/Deep Caves | Found GOLEM Unit 14186 | -7/Deep Caves | Found Prototype Storage 14424 | -7/Deep Caves | Spotted as-14326 14432 | -7/Deep Caves | Found GOLEM Unit 14437 | -7/Deep Caves | Found GOLEM Unit 14467 | -7/Deep Caves | Spotted as-39495 14474 | -7/Deep Caves | Destroyed as-39495 14476 | -7/Deep Caves | Spotted as-93931 14481 | -7/Deep Caves | Spotted as-94865 14487 | -7/Deep Caves | Spotted as-25729 14488 | -7/Deep Caves | Destroyed as-14326 14490 | -7/Deep Caves | Spotted as-86910 14491 | -7/Deep Caves | Destroyed as-25729 14491 | -7/Deep Caves | Spotted as-40719 14518 | -7/Deep Caves | Spotted as-54474 14525 | -7/Deep Caves | Spotted as-80759 14538 | -7/Deep Caves | Core integrity fell below 50% 14544 | -7/Deep Caves | Destroyed as-86910 14547 | -7/Deep Caves | Destroyed as-80759 14561 | -7/Deep Caves | Spotted as-57849 14569 | -7/Deep Caves | Core integrity fell below 20% 14574 | -7/Deep Caves | Destroyed as-94865 14574 | -7/Deep Caves | Destroyed as-57849 14578 | -7/Deep Caves | Destroyed as-40719 14588 | -7/Deep Caves | Destroyed by as-54474 with Assembled Focal Cannon Last Messages --------------- 14545_ Overheating: Short circuit. 14546_ Overheating: Lrg. Storage Unit damaged (-136). 14546_ EM Pulse Cannon destroyed. 14548_ as-05504 destroyed. 14550_ Overheating: System interference. 14550_ GOLEM Unit temporarily disabled. 14550_ Adv. EMP Blaster temporarily disabled. 14565_ Imp. Arc Projector destroyed. 14571_ System corrupted: Matter fused (-6). 14572_ Broken Enh. Nuclear Core destroyed. 14573_ Sml. Matter Pod destroyed. 14573_ Destroyed Sml. Matter Pod. 14574_ as-94865 system terminally corrupted. 14574_ as-57849 system terminally corrupted. 14575_ Temporary Utility slot lost. 14578_ as-40719 system terminally corrupted. 14580_ GOLEM Unit springs to life. 14581_ as-69131 GOLEM Unit beginning Asb. Alloy Leg integration. 14581_ Destroyed Prototype Device. 14586_ Meta Core destroyed. Map ----- +----------------------------------------------------+ | #?????????????????????????????????????????????? | | #####????????????????????????????????????????????? | | #?? #????????????????????????????????????????????? | | ### ####?????????????????????????????????????????? | | # #?????????????????????????????????????????? | | ##???????????????????????????????????????????? | | ###??????????????????? ??????????????????## | | #???????????????#### ???????????????? | | ###??????????????## ?????????????? | | ##???????????????# ??????????????# | | #???????????????? % ?????????????### | | #????????#???????# ?????????????## | | #??????? ##?????## ??????????????# | | #??????? ????### % ##?????????????? | | #?????? ???## ???????????????? | | #?????? ????# ####??????????????# | | #????? ?????# # ##????#####?????# | | ##?### ??????# ## ###?# #?##### | | = #?# ??###### ## #?# | | ! #?# #### #?# ### | | ### # " G% #?## #?# | | ##% #""% "####%% #??# ##? | | ! ""#?#G! ##??# #? | | "#?## ##???# #? | | #??# ## ##????# #? | | #" #"" #??# @ #### #?????# ## | | "# ### #?## #??# ####### # | | % #### #??# #??#;#;;;# ##??# | | #%# #??## #???####??#########???########### ## | | " "# ##???####???????????????????????????????####? | | " ####???????????????????????????????????????????? | | # #??????????????????????????????????????????????? | | ###??????????????????????????????????????????????? | | | | | | | | | | | | | | | | | | | | | | | | | | | | | | | | | | | +----------------------------------------------------+ Best States ------------- Heat Dissipation 72 Energy Generation 29 Energy Capacity 1380 Matter Stores 350 Matter Capacity 350 Sight Range 16 Terrain Scan Density 10 Armor Coverage 1200 Power Shielding 66 Weapon Shielding 100 Evasion (%) 55 Targeting Accuracy 13 Recoil Reduction 5 Item Schematics ----------------- Mak. Hacking Suite | -8/Materials | Scanalyzed Adv. Heat Sink | -7/Zion | Archive Mak. Spear | -7/Zion | Archive Plasma Rifle | -7/Zion | Archive Launcher Guidance Computer | -7/Zion | Archive 0b10 Decoder Chip [Scout] | -7/Zion | Archive Force Booster | -7/Zion | Archive Remote Shield | -7/Zion | Archive Core Analyzer | -7/Zion | Archive Plasma Flamer | -7/Zion | Archive Shock Absorption System | -7/Zion | Archive Adv. Cooling System | -7/Zion | Archive Antigrav System | -7/Zion | Archive Remote Datajack | -7/Zion | Archive Mak. Flight Unit | -7/Zion | Archive Cloaking Device | -7/Zion | Archive Robot Schematics ------------------ S-27 Virus | -7/Zion | Archive M-14 Sweeper | -7/Zion | Archive G-47 Trooper | -7/Zion | Archive Fabricated ------------ Nothing Alien Tech Used ----------------- None Achievements -------------- None Challenges ------------ None Game ------ Seed GodHardcellMinigun Manual? 0 Play Time 01:15:48 Cumulative 121.0 hours Start 2023.12.14 @ 20:16:30 End 2023.12.15 @ 13:02:08 Sessions 5 Manual Loads 0 Difficulty Rogue Special Mode None Game No. 132 Rogue 96 Adventurer 36 Explorer 0 Win Type - Total 7 Types 2/0/5/0/0/0/0/0/0 Lore% 54 Gallery% 75 Achievement% 62 Wizard Run 0 Options --------- ASCII 0 Keyboard 0 Movement Mouse Keybinds 0 Fullscreen 1 Font 18/SmallcapsGlow Map View 76x50 Tactical HUD 1 Map Filters NONE Filters NONE Steam 1 RUN: dde2c184-d7af-4299-b386-8e3f1682bbdb